AoeStats
← alexmavrovic

Nomad

508798896Analyzed
2v2 RM · 9d ago on Sep 24, 2026· 38m 42s· 4 players
Game mode
Random Map
Map size
176×176
Population
200
Speed
Normal
Resources
Standard
Victory
Conquest
Starting age
Dark Age
Ending age
Imperial Age
RankedLock teamsTeams togetherTeam positionsShared explorationLock speedFull tech treeHidden civsTurbo modeCheats
Victory
Defeat
🇺🇸 Berbers · United States
1119
+17
🇨🇦 Varangians · Canada
1103
+18
🇨🇴 Ethiopians · Colombia
1146
-18
🇨🇴 Franks · Colombia
1131
-17
CaptKewl
12:50 Feudal Age
11:05 Loom
13:40 Double-Bit Axe
19:41 Castle Age
17:49 Stone Mining
20:21 Fishing Lines
21:10 Bow Saw
21:48 Fletching
21:44 Town Watch
25:03 Gold Mining
26:04 Bodkin Arrow
31:44 Wheelbarrow
32:21 Padded Archer Armor
35:15 Leather Archer Armor
35:31 Horse Collar
36:45 Wheelbarrow
36:59 Ballistics
alexmavrovic
6:11 Loom
12:07 Feudal Age
14:15 Fletching
20:57 Castle Age
25:09 Scale Barding Armor
26:14 Forging
26:18 Double-Bit Axe
26:30 Horse Collar
27:50 Husbandry
30:52 Wheelbarrow
31:36 Bloodlines
38:29 Imperial Age
36:05 Squires
36:35 Bow Saw
Hex
15:17 Feudal Age
19:37 Castle Age
18:34 Double-Bit Axe
19:45 Gold Mining
19:40 Crossbowman
20:34 Fletching
26:57 Wheelbarrow
26:34 Bow Saw
26:27 Town Watch
30:10 Bodkin Arrow
31:41 Forging
Falconz
9:47 Loom
18:16 Feudal Age
23:14 Castle Age
21:28 Gold Mining
27:47 Scale Barding Armor
29:59 Chain Barding Armor
Connection lost

Rejoining the realm…

Still unreachable

The connection could not be restored.

Session expired

The server has moved on; the page needs a fresh start.